 Dungeon Crawl Stone Soup version 0.29-a0-375-g5102b3be25 (webtiles) character file.

Game seed: 12043260858268969878

26 purpskrrrp the Digger (level 3, -6/19 HPs)
             Began as a Gargoyle Earth Elementalist on May 4, 2022.
             Mangled by a worm (9 damage)
             ... on level 2 of the Dungeon.
             The game lasted 00:11:17 (1946 turns).

purpskrrrp the Digger (Gargoyle Earth Elementalist) Turns: 1946, Time: 00:11:17

Health: -6/19      AC: 11    Str: 11    XL:     3   Next: 8%
Magic:  4/6        EV:  5    Int: 17    God:
Gold:   132        SH:  0    Dex: 10    Spells: 5/6 levels left

rFire   . . .      SeeInvis .   e - +0 club
rCold   . . .      Faith    .   (no shield)
rNeg    + . .      Spirit   .   h - +0 chain mail
rPois   ∞          Reflect  .   (no helmet)
rElec   +          Harm     .   (no cloak)
rCorr   .          Rampage  .   (no gloves)
Will    .....                   (no boots)
Stlth   ..........              (no amulet)
HPRegen 0.06/turn               (no ring)
MPRegen 0.10/turn               (no ring)

@: very slightly contaminated
A: sickness immunity, AC +3, negative energy resistance 1, electricity
resistance, torment resistance 1, petrification resistance
a: no special abilities


You were on level 2 of the Dungeon.
You visited 1 branch of the dungeon, and saw 2 of its levels.

You collected 132 gold pieces.

Inventory:

Hand Weapons
 e - a +0 club (weapon)
Missiles
 a - 33 stones
 g - 3 boomerangs
Armour
 b - a +0 robe
 h - a +0 chain mail (worn)
Scrolls
 j - a scroll of noise {unknown}
Potions
 d - a potion of lignification {unknown}
 f - 2 potions of mutation {unknown}
 i - a potion of resistance {unknown}


   Skills:
 + Level 0.1 Maces & Flails
 + Level 2.0 Dodging
 + Level 2.4 Stealth
 + Level 2.3 Spellcasting
 + Level 0.7 Transmutations
 + Level 4.1 Earth Magic


You had 5 spell levels left.
You knew the following spells:

 Your Spells              Type           Power      Damage    Failure   Level
a - Sandblast             Erth           32%        2d9       91%         1

Your spell library contained the following spells:

 Spells                   Type           Power      Damage    Failure   Level
 Passwall                 Tmut/Erth      8%         N/A       100%        2
 Stone Arrow              Conj/Erth      18%        3d8       100%        3
 Petrify                  Tmut/Erth      10%        N/A       100%        4
 Iskenderun's Battlesphe  Conj           2%         2d6       100%        5
 Iron Shot                Conj/Erth      4%         9d2       100%        6
 Spellforged Servitor     Conj/Summ      1%         N/A       100%        7


Dungeon Overview and Level Annotations

Branches:
Dungeon (2/15)

Altars:


Innate Abilities, Weirdness & Mutations

You are immune to sickness and miasma.
Your stone body is resilient. (AC +3)
You are immune to poison.
You resist negative energy. (rN+)
You are resistant to electric shocks. (rElec)
You are resistant to unholy torment.
You are immune to petrification.


Message History

Throw: 3 boomerangs
Press: ? - help, Q - select action, (/) - cycle Shift-Dir - straight line, f/p - worm
Aim: a worm (75% to hit)
You throw a boomerang. The boomerang barely misses the worm.
Throw: 3 boomerangs
Press: ? - help, Q - select action, (/) - cycle Shift-Dir - straight line, f/p - worm
Aim: a worm (75% to hit)
You throw a boomerang. The boomerang hits the worm.
The worm is lightly wounded.
Aiming: Sandblast (safe; 91% risk of failure)
Press: ? - help, Q - select action, (/) - cycle Shift-Dir - straight line, f/p - worm
Aim: a worm (93% to hit)
You miscast Sandblast.
Nothing appears to happen.
You barely miss the worm. You hit the worm.
The worm is moderately wounded.
The worm bites you but does no damage.
You barely miss the worm.
The worm is lightly wounded.
The worm bites you but does no damage. Magic courses through your body.
Aiming: Sandblast (safe; 91% risk of failure)
Press: ? - help, Q - select action, (/) - cycle Shift-Dir - straight line, f/p - worm
Aim: a worm (lightly wounded, 93% to hit)
You miscast Sandblast.
Nothing appears to happen.
The worm bites you.
* * * LOW HITPOINT WARNING * * *
Aiming: Sandblast (safe; 91% risk of failure)
Press: ? - help, Q - select action, (/) - cycle Shift-Dir - straight line, f/p - worm
Aim: a worm (lightly wounded, 93% to hit)
You miscast Sandblast.
Nothing appears to happen.
The worm bites you but does no damage.
Aiming: Sandblast (safe; 91% risk of failure)
Press: ? - help, Q - select action, (/) - cycle Shift-Dir - straight line, f/p - worm
Aim: a worm (93% to hit)
You miscast Sandblast.
Nothing appears to happen.
You hit the worm but do no damage. The worm bites you but does no damage.
You barely miss the worm. The worm barely misses you.
You hit the worm but do no damage. The worm bites you!
You die...

.######.#..##
.##......... ....
...........# .$.
.##.####...# ... .+....
#...# ..# .##.#.##...#
#.# .##...##.#.# #.#
######..[..# #.#
#...#.## #@# #...#..#
#w# #....#.## #.#
#####....#..###.######.
#...'..................
#.###....##.###.######.
#.# #....##..##.#
#.##########.##.#
#.#....# ..#......#


You could see a worm.

Vanquished Creatures
  A dart slug (D:1)
  An endoplasm (D:1)
  2 giant cockroaches (D:1)
  3 goblins (D:1)
  3 jackals (D:1)
  A quokka (D:1)
  4 ball pythons (D:1)
  4 bats (D:1)
  2 frilled lizards
  2 rats (D:1)
23 creatures vanquished.

Notes
Turn   | Place    | Note
-------+----------+-------------------------------------------
     0 | D:1      | purpskrrrp the Gargoyle Earth Elementalist began the quest
                  | for the Orb.
     0 | D:1      | Reached XP level 1. HP: 10/10 MP: 3/3
   757 | D:1      | Reached XP level 2. HP: 5/15 MP: 5/5
  1009 | D:1      | Reached skill level 4 in Earth Magic
  1678 | D:1      | Reached XP level 3. HP: 19/19 MP: 4/6
  1765 | D:1      | You fall into a shaft and drop 1 floor!
  1946 | D:2      | Mangled by a worm

Illustrated notes

Levels and vault maps discovered:
D:1:      dpeg_arrival_boxorama, layout_basic, corexii_leaking_fountain,
          minmay_misc_feat_rugged
D:2:      layout_basic, uniq_jessica, uniq_robin

Skill      XL: |  1  2 |
---------------+-------+-----
Earth Magic    | 4 |  4.1
Dodging        | 2 |  2.0
Maces & Flails | |  0.1
Stealth        | |  2.4
Spellcasting   | |  2.3
Transmutations | |  0.7

Action                   || total
-------------------------++-------
Melee: Unarmed           ||    36
       Club              ||    42
Throw: Boomerang         ||     5
 Cast: Sandblast         ||    21
  Use: Scroll            ||     2
       Potion            ||     1
 Stab: Sleeping          ||     1
Armor: Robe              ||    36
       Chain mail        ||     5
Dodge: Dodged            ||    80

Table legend: (Time is in decaauts)
 A = Elapsed time spent in this place.
 B = Non-inter-level travel time spent in this place.
 C = Inter-level travel time spent in this place.
 D = Time resting spent in this place.
 E = Time spent auto-exploring this place.
 F = Levels seen in this place.
 G = Mean time per level.
                   A        B        C        D        E       F      G
               +--------+--------+--------+--------+--------+-----+--------+
         Total |   1959 |   1715 |    244 |    651 |    762 |   2 |  979.5 |
       Dungeon |   1959 |   1715 |    244 |    651 |    762 |   2 |  979.5 |
               +--------+--------+--------+--------+--------+-----+--------+

Top non-repeatable levels by time:
     D:1: 1774 daAuts
     D:2: 184 daAuts
